 Dungeon Crawl Stone Soup version 0.31-a0-219-g8d62b2e7bb (webtiles) character file.

Game seed: 10699341389798405500

11069 Demosthentine the Fighter (level 11, 0/72 (80) HPs)
             Began as a Demonspawn Gladiator on July 3, 2023.
             Was a Follower of Hepliaklqana.
             Killed from afar by Josephine (19 damage)
             ... with a ghostly fireball
             ... on level 10 of the Dungeon.
             The game lasted 00:12:02 (10291 turns).

Demosthentine the Fighter (Demonspawn Gladiator)   Turns: 10291, Time: 00:12:03

HP:   0/72 (80)     AC:  9    Str: 16    XL:     11   Next: 44%
MP:   16/16         EV: 16    Int: 10    God:    Hepliaklqana [*.....]
Gold: 604           SH:  0    Dex: 17    Spells: 10/10 levels left

rFire   + . .        D - +3 trident
rCold   . . .        (no shield)
rNeg    . . .        b - +0 leather armour
rPois   .            c - +1 helmet
rElec   .            k - +0 cloak {Stlth+}
rCorr   .            (no gloves)
SInv    .            (no boots)
Will    .....        (no amulet)
Stlth   ++           g - ring of protection from fire
HPRegen 0.32/turn    (no ring)
MPRegen 0.15/turn

%: no passive effects
@: lethally poisoned (0 -> -4), slowed, heavily drained, very slow
A: reduced essence, spiny 2, sharp scales 2, weakness stinger 2
a: Renounce Religion, Recall Ancestor, Ancestor Identity


You were on level 10 of the Dungeon.
You worshipped Hepliaklqana.
Hepliaklqana was aware of your devotion.
You visited 2 branches of the dungeon, and saw 11 of its levels.
You also visited: Sewer, Ossuary and Bailey.

You collected 604 gold pieces.

Inventory:

Hand Weapons
 D - a +3 trident (weapon)
Missiles
 e - a javelin
 j - 8 atropa-tipped darts
 m - 15 poisoned darts
 s - 3 boomerangs
Armour
 b - a +0 leather armour (worn)
 c - a +1 helmet (worn)
 k - a +0 cloak of stealth (worn)
 p - the sphere of Battle
   (You found it in a bailey)

   It enhances your destructive magic.
   It weakens your non-destructive magic.
   It summons a battlesphere in combat, with strength depending on Conjurations
   skill.
Jewellery
 g - a ring of protection from fire (left hand)
 u - a ring of willpower
 B - a ring of magical power
Wands
 d - a wand of flame (30)
 x - a wand of roots (5)
 H - a wand of quicksilver (3)
Scrolls
 a - a scroll of summoning
 n - a scroll of blinking
 q - 2 scrolls of amnesia
 r - a scroll of fog
 z - a scroll of silence
 A - 4 scrolls of teleportation
 E - 2 scrolls of enchant armour
Potions
 f - 2 potions of curing
 h - 2 potions of cancellation
 i - 2 potions of attraction
 l - a potion of brilliance
 o - 2 potions of resistance
 t - 3 potions of enlightenment
 v - 2 potions of magic
 w - 2 potions of heal wounds
 C - a potion of might
 F - a potion of mutation
 G - a potion of haste {unknown}


   Skills:
 + Level 9.4 Fighting
 + Level 8.9 Polearms
 - Level 1.7 Throwing
 - Level 6.3 Armour
 + Level 8.9 Dodging
 + Level 7.5 Invocations


You had 10 spell levels left.
You didn't know any spells.
Your spell library contained the following spells:

 Spells                   Type           Power      Damage    Failure   Level
 Kiss of Death            Conj/Necr      0%         2d5       41%         1
 Blink                    Tloc           0%         N/A       56%         2
 Lesser Beckoning         Tloc           0%         N/A       56%         2
 Momentum Strike          Conj/Tloc      0%         3d8       56%         2
 Confusing Touch          Hex            0%         N/A       80%         3
 Frozen Ramparts          Ice            0%         1d1       80%         3
 Ozocubu's Armour         Ice            0%         N/A       80%         3
 Dispel Undead            Necr           0%         3d6       99%         4
 Ice Form                 Ice/Tmut       0%         N/A       99%         4
 Summon Ice Beast         Ice/Summ       0%         N/A       99%         4
 Ozocubu's Refrigeration  Ice            0%         4d7       100%        7


Dungeon Overview and Level Annotations

Branches:
Dungeon (10/15)            Temple (1/1) D:5            Lair (0/5) D:8
  Sewer (visited)         Ossuary (visited)          Bailey (visited)
    Orc: D:9-12

Altars:
Ashenzari
Cheibriados
Dithmenos
Fedhas
Gozag
Hepliaklqana
Kikubaaqudgha
Makhleb
Nemelex Xobeh
Okawaru
Qazlal
Ru
Sif Muna
Trog
Uskayaw
Vehumet
Wu Jian
Xom
Yredelemnul

Annotations:
D:10 Josephine


Innate Abilities, Weirdness & Mutations

Your life essence is reduced to manifest your ancestor. (-10% HP)
You are mostly covered in sharp spines.
You are mostly covered in razor-sharp scales. (AC +2, Slay +2)
You have a tail ending in a sharp stinger.


Message History

The wraith drains your vigour!
You feel yourself slow down. Josephine is struck by your spines.
Josephine hits you with a +2 dagger of venom.
There are monsters nearby!
You hit the wraith.
You tail-slap the wraith, but do no damage.
The wraith is almost destroyed.
Josephine is struck by your spines. Josephine misses you.
The wraith is struck by your spines.
You destroy the wraith!
You hit Josephine.
Josephine is moderately wounded.
Josephine is struck by your spines.
Josephine hits you with a +2 dagger of venom.
Unknown command.
You hit Josephine. You tail-slap Josephine.
Josephine is heavily wounded.
Josephine gestures at you while chanting.
The ghostly flame explodes!
The ghostly fireball engulfs you!
You feel drained.
The ghostly fireball engulfs Josephine.
Josephine completely resists.
Josephine grins evilly.
Josephine is struck by your spines. Josephine barely misses you.
You puncture Josephine!
Josephine is severely wounded.
Josephine is struck by your spines.
Josephine hits you with a +2 dagger of venom.
You are poisoned.
You puncture Josephine!
Josephine is almost dead.
You feel very sick. Josephine draws life force from you!
Josephine is healed by the life force!
You hit Josephine but do no damage.
Josephine is almost dead.
You feel sick. Josephine is struck by your spines.
Josephine hits you with a +2 dagger of venom!
* * * LOW HITPOINT WARNING * * *
Josephine points at you and mumbles some strange words.
The ghostly flame explodes!
The ghostly fireball engulfs you!!
You feel drained.
You die...

##...##.####.###
##.###........# #.#
######.#.###.# #.#
#.......# ##+##
###.##### ##...##
####.### #.....##
#......# .......##
#.#..#.# ........#
#....#@#
...)....+........@WW....
..<.....###..#.#.#######
.......## #.###..#
#.....## .# #.# ##...##
## ..# ##'## ..# #.# ###
#.#


You could see Josephine and 2 wraiths.

Vanquished Creatures
  A centaur warrior (D:9)
  A two-headed ogre (D:9)
  An orc knight (Bailey)
  An ugly thing (D:10)
  Maggie (D:6)
  A troll (D:9)
  Grinder (D:3)
  Sigmund (D:6)
  15 yaks
  3 wraiths
  A wyvern (D:9)
  A steam dragon (D:9)
  Menkaure (D:5)
  3 wargs (D:8)
  2 sky beasts
  3 black bears
  An ice beast (D:6)
  4 orc warriors
  2 ogres
  5 centaurs
  The ghost of pigah the Stinger, an amateur OpWn (D:3)
  Blork the orc (D:5)
  2 gnoll sergeants
  5 bullfrogs
  A scorpion (D:7)
  4 water moccasin zombies (Ossuary)
  13 wights
  4 killer bees (D:8)
  2 electric eels (D:9)
  8 hounds
  A sleepcap (D:7)
  Crazy Yiuf (D:4)
  2 jellies (D:5)
  3 iguanas
  9 orc wizards
  A hell rat (Sewer)
  3 mummies
  13 gnolls
  8 adders
  6 river rats
  2 white imps (D:7)
  4 ufetubi
  9 adder zombies (Ossuary)
  3 worms (D:6)
  4 dart slugs
  42 orcs
  7 ball pythons
  6 bats
  8 endoplasms
  A giant cockroach (D:2)
  A gnoll zombie (Ossuary)
  11 goblins
  5 hobgoblins
  4 jackals (D:1)
  3 quokkas
  A frilled lizard (D:1)
  2 hobgoblin zombies (Ossuary)
  4 kobolds
  4 kobold zombies (Ossuary)
  5 orc zombies (Ossuary)
  17 rats
280 creatures vanquished.

Vanquished Creatures (collateral kills)
  A deep elf pyromancer (Bailey)
1 creature vanquished.

Vanquished Creatures (others)
  An ancestor (D:8)
1 creature vanquished.

Grand Total: 282 creatures vanquished

Notes
Turn   | Place    | Note
-------+----------+-------------------------------------------
     0 | D:1      | Demosthentine the Demonspawn Gladiator began the quest for
                  | the Orb.
     0 | D:1      | Reached XP level 1. HP: 16/16 MP: 1/1
   100 | D:1      | Gained mutation: You are partially covered in sharp spines.
                  | [demonic ancestry]
   100 | D:1      | Reached XP level 2. HP: 17/22 MP: 2/2
   371 | D:1      | Reached skill level 1 in Armour
   434 | D:1      | Reached XP level 3. HP: 28/28 MP: 3/3
   704 | D:2      | Identified the +0 ring mail "Pemoam" {rPois Int+4 Dex-5}
  1135 | D:2      | Gained mutation: You are partially covered in razor-sharp
                  | scales. (AC +1, Slay +1) [demonic ancestry]
  1135 | D:2      | Reached XP level 4. HP: 34/34 MP: 4/4
  1283 | D:3      | Found a broken altar of Ashenzari.
  1339 | D:3      | Reached skill level 3 in Fighting
  1627 | D:3      | Found a faded altar of an unknown god.
  1668 | D:3      | Noticed Grinder
  1672 | D:3      | Paralysed by Grinder for 3 turns
  1685 | D:3      | Paralysed by Grinder for 4 turns
  1691 | D:3      | Killed Grinder
  1692 | D:3      | Reached XP level 5. HP: 19/42 MP: 5/5
  1692 | D:3      | Gained mutation: You are mostly covered in sharp spines.
                  | [demonic ancestry]
  1692 | D:3      | Reached XP level 6. HP: 22/48 MP: 6/6
  1870 | D:3      | Found a runed translucent gate.
  1871 | D:3      | Found a runed translucent gate.
  1871 | D:3      | Found a runed translucent gate.
  1872 | D:3      | Noticed pigah's ghost (amateur OpWn)
  2193 | D:3      | Killed pigah's ghost
  2243 | D:4      | Reached skill level 4 in Fighting
  2295 | D:4      | Reached XP level 7. HP: 20/54 MP: 7/7
  2421 | D:4      | Found a sand-covered staircase.
  2431 | Ossuary  | Entered an ossuary
  3031 | D:4      | Found a runed translucent door.
  3032 | D:4      | Noticed Crazy Yiuf
  3049 | D:4      | Killed Crazy Yiuf
  3081 | D:5      | Entered Level 5 of the Dungeon
  3106 | D:5      | Reached skill level 5 in Polearms
  3135 | D:5      | Reached skill level 5 in Fighting
  3135 | D:5      | Reached skill level 5 in Dodging
  3135 | D:5      | Gained mutation: You have a small tail. [demonic ancestry]
  3135 | D:5      | Reached XP level 8. HP: 52/62 MP: 8/8
  3167 | D:5      | Identified the +0 ring mail of Ru's Delight {Contam +Blink
                  | MP+9 Str+5}
  3196 | D:5      | Noticed Menkaure
  3202 | D:5      | Killed Menkaure
  3599 | D:5      | Noticed Blork the orc
  3607 | D:5      | Killed Blork the orc
  3847 | D:5      | Found a staircase to the Ecumenical Temple.
  3858 | Temple   | Entered the Ecumenical Temple
  4089 | D:5      | Found a bloodstained altar of Trog.
  4690 | D:6      | Reached skill level 6 in Fighting
  4690 | D:6      | Reached skill level 5 in Armour
  4697 | D:6      | Noticed Sigmund
  4718 | D:6      | Killed Sigmund
  4719 | D:6      | Gained mutation: You have a tail ending in a sharp stinger.
                  | [demonic ancestry]
  4719 | D:6      | Reached XP level 9. HP: 44/69 MP: 9/9
  4768 | D:6      | Found an iron altar of Okawaru.
  4957 | D:6      | Found a glowing drain.
  4966 | Sewer    | Entered a sewer
  5261 | D:6      | Noticed Maggie
  5274 | D:6      | Killed Maggie
  5947 | D:7      | Found a basalt altar of Yredelemnul.
  6038 | D:7      | Reached skill level 7 in Fighting
  6314 | D:7      | Found a hazy altar of Hepliaklqana.
  6352 | D:7      | Became a worshipper of Hepliaklqana the Forgotten
  6679 | D:8      | Reached skill level 1 in Invocations
  6685 | D:8      | Reached XP level 10. HP: 61/79 MP: 9/11
  6817 | D:8      | Found a flagged portal.
  6825 | Bailey   | Entered a bailey
  6998 | Bailey   | Noticed an orc knight
  7024 | Bailey   | Killed an orc knight
  7025 | Bailey   | Reached skill level 8 in Fighting
  7244 | Bailey   | Reached * piety under Hepliaklqana
  7250 | Bailey   | Found a large runed translucent door.
  7250 | Bailey   | Found a large runed translucent door.
  7251 | Bailey   | Noticed a deep elf pyromancer
  7253 | Bailey   | Found the sphere of Battle
  7355 | Bailey   | Killed a deep elf pyromancer
  7462 | D:8      | Reached skill level 5 in Invocations
  7814 | D:8      | Found a staircase to the Lair.
  8604 | D:9      | Noticed a two-headed ogre
  8619 | D:9      | Killed a two-headed ogre
  8975 | D:9      | Noticed a centaur warrior
  8985 | D:9      | Killed a centaur warrior
  8986 | D:9      | Gained mutation: You are mostly covered in razor-sharp
                  | scales. (AC +2, Slay +2) [demonic ancestry]
  8986 | D:9      | Reached XP level 11. HP: 67/78 MP: 15/15
  9168 | D:9      | Reached skill level 9 in Fighting
 10130 | D:10     | Entered Level 10 of the Dungeon
 10134 | D:10     | Noticed a cyan ugly thing
 10143 | D:10     | Killed a cyan ugly thing
 10283 | D:10     | Noticed Josephine
 10291 | D:10     | Killed from afar by Josephine

Illustrated notes

Levels and vault maps discovered:
D:1:      dpeg_arrival_radiant, layout_basic, minmay_tetromino_l4
D:2:      layout_rooms
D:3:      layout_basic, ashenzari_altar_1, ebering_ecumenical_altar_ruins,
          ebering_ghost_rock_garden, uniq_grinder
D:4:      layout_rooms, gup_ossuary_entry_pyramid, uniq_crazy_yiuf_cottage
D:5:      nicolae_cairo_tiling, layout_gridville, trog_three_pillars_becter,
          minmay_temple_entry_large_hall, kennysheep_decorative_pillar,
          uniq_blork_the_orc, uniq_menkaure
D:6:      layout_rooms, mainiacjoe_overflow_concentric_impassable,
          lightli_sewer_entry_pipes, chequers_serial_rivers_small_a,
          uniq_maggie, uniq_sigmund
D:7:      layout_loops_ring, mainiacjoe_overflow_catch_the_wave, hex_medium
D:8:      layout_basic, erik_lair_orcish_takeover, enter_bailey_3, moated_statue
D:9:      layout_loops_ring, serial_bayou_ford_a, minmay_misc_feat_five
D:10:     layout_loops_corners, uniq_josephine, uniq_lodul
Temple:   minmay_crystal_spiral_temple

Skill      XL: |  1  2  3  4  5  6  7  8  9 10 11 |
---------------+----------------------------------+-----
Armour         | 1 2 3 4 5 6 |  6.3
Polearms       | 3 4 5 6 7 8 |  8.9
Dodging        | 3 4 5 6 7 8 |  8.9
Fighting       | 3 4 5 6 7 8 9 |  9.4
Invocations    | 1 6 7 |  7.5
Throwing       | |  1.7

Action                     |  1- 3 |  4- 6 |  7- 9 | 10-12 || total
---------------------------+-------+-------+-------+-------++-------
  Melee: Trident           |    79 |    85 |   457 |   328 ||   949
         Punch             |       |     1 |     5 |    11 ||    17
         Tailslap          |       |       |    32 |    50 ||    82
  Throw: Throwing net      |       |     4 |     3 |       ||     7
    Use: Scroll            |     1 |     1 |    16 |     5 ||    23
         Potion            |       |     2 |       |     9 ||    11
   Stab: Sleeping          |     3 |     1 |    15 |     3 ||    22
         Held in net/web   |       |     1 |     2 |       ||     3
         Distracted        |       |       |       |     2 ||     2
 Armour: Leather armour    |    15 |    25 |    90 |    56 ||   186
  Dodge: Dodged            |    21 |    37 |   196 |   185 ||   439

Table legend: (Time is in decaauts)
 A = Elapsed time spent in this place.
 B = Non-inter-level travel time spent in this place.
 C = Inter-level travel time spent in this place.
 D = Time resting spent in this place.
 E = Time spent auto-exploring this place.
 F = Levels seen in this place.
 G = Mean time per level.
                   A        B        C        D        E       F      G
               +--------+--------+--------+--------+--------+-----+--------+
         Total |  10362 |  10106 |    256 |   1000 |   6681 |  14 |  740.1 |
       Dungeon |   9063 |   8874 |    189 |    816 |   5980 |  10 |  906.3 |
        Temple |    218 |    151 |     67 |      0 |    111 |   1 |  218.0 |
         Sewer |    193 |    193 |      0 |      0 |    131 |   1 |  193.0 |
       Ossuary |    285 |    285 |      0 |      0 |    176 |   1 |  285.0 |
        Bailey |    600 |    600 |      0 |    184 |    282 |   1 |  600.0 |
               +--------+--------+--------+--------+--------+-----+--------+

Top non-repeatable levels by time:
     D:9: 1804 daAuts
     D:5: 1292 daAuts
     D:8: 1049 daAuts
     D:3: 1020 daAuts
     D:6: 990 daAuts
     D:7: 941 daAuts
     D:1: 710 daAuts
  Bailey: 600 daAuts
     D:4: 588 daAuts
     D:2: 504 daAuts
 Ossuary: 285 daAuts
  Temple: 218 daAuts
   Sewer: 193 daAuts
    D:10: 160 daAuts
